AoeStats
← GORGORY

Arena

506550584Analyzed
1v1 RM · 19d ago on Sep 14, 2026· 45m 13s· 2 players
Game mode
Random Map
Map size
Tiny (2 player)
Population
200
Speed
Normal
Resources
Standard
Victory
Conquest
Starting age
Dark Age
Ending age
Imperial Age
RankedLock teamsTeams togetherTeam positionsShared explorationLock speedFull tech treeHidden civsTurbo modeCheats
Victory
Defeat
🇦🇷 Ethiopians · Argentina
984
+15
🇨🇱 Muisca · Chile
968
-15
lerbismancillag
0:29 Loom
11:02 Feudal Age
15:57 Castle Age
14:16 Double-Bit Axe
15:02 Stone Mining
17:36 Horse Collar
21:59 Gold Mining
24:19 Wheelbarrow
24:12 Fletching
24:44 Heavy Plow
25:09 Bodkin Arrow
25:44 Bow Saw
27:09 Padded Archer Armor
29:40 Leather Archer Armor
30:30 Gold Shaft Mining
32:52 Imperial Age
31:04 Hand Cart
31:39 Stone Shaft Mining
31:52 Forging
31:21 Champi Runner
32:03 Squires
32:08 Scale Mail Armor
32:23 Town Watch
32:56 Herbalism
33:42 Iron Casting
32:53 Champi Warrior
33:47 Thumb Ring
35:30 Chemistry
35:28 Chain Mail Armor
GORGORY
5:47 Loom
8:59 Feudal Age
9:24 Double-Bit Axe
9:20 Horse Collar
13:08 Wheelbarrow
17:25 Castle Age
15:51 Stone Mining
16:57 Gold Mining
20:00 Fervor
21:05 Town Watch
25:58 Bow Saw
25:54 Heavy Plow
27:26 Squires
27:12 Arson
28:17 Forging
28:07 Scale Mail Armor
30:14 Iron Casting
30:15 Chain Mail Armor
30:46 Ballistics
32:35 Hand Cart
33:20 Town Patrol
38:01 Imperial Age
38:03 Elite Shotel Warrior
39:04 Conscription
39:51 Blast Furnace
39:21 Plate Mail Armor
40:14 Two-Man Saw
38:47 Capped Ram
39:52 Siege Ram
41:46 Gold Shaft Mining
41:52 Stone Shaft Mining
41:31 Murder Holes
42:00 Torsion Engines
44:35 Thumb Ring
44:30 Fletching
44:40 Padded Archer Armor
Connection lost

Rejoining the realm…

Still unreachable

The connection could not be restored.

Session expired

The server has moved on; the page needs a fresh start.